 Dungeon Crawl Stone Soup version 0.21-a0-538-gd16b88a (webtiles) character file.

462585 Amnesiac the Spry (level 26, -2/198 (205) HPs)
             Began as a Halfling Fighter on Dec 15, 2017.
             Was the Champion of Okawaru.
             Slain by an iron giant
             ... wielding a +0 giant club
              (43 damage)
             ... on level 7 of the Iron City of Dis.
             The game lasted 03:06:33 (55527 turns).

Amnesiac the Spry (Halfling Fighter)               Turns: 55527, Time: 03:06:34

HP:   -2/198 (205)  AC: 35    Str: 30 (32) XL:     26   Next: 4%
MP:   33/37         EV: 28    Int: 11      God:    Okawaru [******]
Gold: 4640          SH: 18    Dex: 19      Spells: 15/29 levels left

rFire    + + +     SeeInvis +   a - +9 fustibalus "Beastbane" {velocity, rN+ Int+2 Dex+2}
rCold    + + +     Gourm    .   W - +0 shield {reflect}
rNeg     + . .     Faith    +   k - +10 shadow dragon scales of Suathraoq {*Drain rF+ rC+++ Str+2 Stlth++++}
rPois    +         Spirit   .   K - +1 helmet {Int+3}
rElec    .         Reflect  +   g - scarf {repulsion}
rCorr    .         Harm     .   D - +2 pair of gloves {Str+3}
MR       +....                  T - +2 pair of boots
Stlth    +++++.....             J - amulet of faith
HPRegen  0.43/turn              S - ring "Otesmem" {rF+++ rC++ MP+9 Int-2 Dex-5 SInv}
MPRegen  0.25/turn              X - ring "Sochah" {+Inv +Fly rPois Str+4 Dex+4}

@: finesse, corroded, studying Evocations, repel missiles
A: small, blink, clever 1, low mp 1, mutation resistance 1, robust 1, weak 1, no
potion heal 1, subdued magic 1
}: 1/15 runes: abyssal
a: Blink, Heroism, Finesse, Renounce Religion, Evoke Invisibility, Evoke Flight


You were on level 7 of the Iron City of Dis.
You worshipped Okawaru.
Okawaru was exalted by your worship.
You were very full.

You visited 7 branches of the dungeon, and saw 34 of its levels.
You visited the Abyss 2 times.
You visited 1 bazaar.
You also visited: Labyrinth, Sewer, Ice Cave and Wizlab.

You collected 5565 gold pieces.
You spent 925 gold pieces at shops.

Inventory:

Hand Weapons
 a - the +9 fustibalus "Beastbane" (weapon) {velocity, rN+ Int+2 Dex+2}
   (Okawaru gifted it to you on level 5 of the Abyss)

   Any stone fired from it inflicts extra damage.
   It affects your intelligence (+2).
   It affects your dexterity (+2).
   It protects you from negative energy.
 b - a +9 quick blade
 Z - a +3 blowgun
Missiles
 e - 70 stones
 p - 54 sling bullets (quivered)
 Y - 5 curare-tipped needles
Armour
 g - a scarf of repulsion (worn)
 k - the +10 shadow dragon scales of Suathraoq (worn) {*Drain rF+ rC+++ Str+2 Stlth++++}
   (Okawaru gifted it to you on level 2 of the Orcish Mines)

   It affects your strength (+2).
   It protects you from fire.
   It renders you almost immune to cold.
   It causes draining when unequipped.
   It makes you much more stealthy.
 D - a +2 pair of gloves of strength (worn)
 K - a +1 helmet of intelligence (worn)
 T - a +2 pair of boots (worn)
 W - a +0 shield of reflection (worn)
Jewellery
 i - an uncursed ring of flight
 J - an amulet of faith (around neck)
 M - a +4 ring of evasion
 O - an uncursed amulet of harm
 P - an uncursed ring of wizardry
 S - the ring "Otesmem" (left hand) {rF+++ rC++ MP+9 Int-2 Dex-5 SInv}
   (You found it in a wizard's laboratory)

   [ring of intelligence]

   It affects your intelligence (-2).
   It affects your dexterity (-5).
   It renders you almost immune to fire.
   It greatly protects you from cold.
   It affects your magic capacity (+9).
   It lets you see invisible.
 X - the ring "Sochah" (right hand) {+Inv +Fly rPois Str+4 Dex+4}
   (You found it in a wizard's laboratory)

   [ring of flight]

   It affects your strength (+4).
   It affects your dexterity (+4).
   It protects you from poison.
   It lets you turn invisible.
   It lets you fly.
Wands
 y - a wand of acid (9)
 B - a wand of digging (8)
 R - a wand of paralysis (46)
Scrolls
 j - 3 scrolls of identify {!r}
 l - 8 scrolls of fear {!r}
 m - 13 scrolls of remove curse {!r}
 n - 3 scrolls of silence {!r}
 t - 9 scrolls of teleportation {!r}
 u - a scroll of vulnerability {!r}
 v - 9 scrolls of amnesia {!r}
 x - 7 scrolls of fog {!r}
 G - 6 scrolls of magic mapping {!r}
 Q - 2 scrolls of blinking {!r}
 V - 2 scrolls of summoning {!r}
Potions
 c - 2 potions of magic {!q}
 d - 7 potions of might {!q}
 h - 6 potions of haste {!q}
 r - 7 potions of agility {!q}
 s - a potion of curing {!q}
 A - 4 potions of flight {!q}
 F - 5 potions of brilliance {!q}
 I - 2 potions of invisibility {!q}
 N - 3 potions of resistance {!q}
Books
 U - a manual of Evocations
Miscellaneous
 L - 3 sacks of spiders
Comestibles
 f - 17 bread rations
 o - 5 meat rations


   Skills:
 * Level 17.2 Fighting
 - Level 7.9 Short Blades
 + Level 19.1 Slings
 * Level 20.0 Armour
 * Level 20.1 Dodging
 - Level 7.9 Stealth
 * Level 20.0 Shields
 - Level 2.0 Spellcasting
 + Level 4.6 Charms
 + Level 3.3 Necromancy
 - Level 10.0 Invocations
 + Level 11.6 Evocations


You had 15 spell levels left.
You knew the following spells:

 Your Spells              Type           Power        Failure   Level  Hunger
a - Summon Small Mammal   Summ           #...         58%         1    ##.....
b - Song of Slaying       Chrm           #.......     16%         2    ###....
c - Poisonous Vapours     Pois/Air       #.....       73%         2    ###....
d - Passwall              Tmut/Erth      #.........   73%         2    ###....
e - Passage of Golubria   Tloc           N/A          100%        4    #####..
r - Regeneration          Chrm/Necr      #.........   38%         3    ####...


Dungeon Overview and Level Annotations

Branches:
Dungeon (15/15)            Temple (1/1) D:6            Lair (0/6) D:11
    Orc (2/2) D:12            Elf (3/3) Orc:2        Vaults (0/5) D:14
 Depths (5/5) D:15           Hell (1/1)                 Dis (7/7) Hell
    Geh (0/7) Hell            Coc (0/7) Hell            Tar (0/7) Hell
    Zot (0/5) Depths:5

Altars:
Ashenzari
Cheibriados
Dithmenos
Elyvilon
Fedhas
Gozag
Hepliaklqana
Kikubaaqudgha
Makhleb
Nemelex Xobeh
Okawaru
Qazlal
Ru
Sif Muna
Trog
Uskayaw
Vehumet
Wu Jian
Xom
Yredelemnul
Zin
The Shining One
Beogh
Jiyva

Shops:
D:10 *%?}%   D:13 **   Orc:2 :*}}   Depths:5 }}=

Portals:
Hell: Depths:1 Depths:2 Depths:3 Depths:4 Depths:5
Abyss: Depths:3 Depths:4
Pandemonium: Depths:2 Depths:3
Ziggurat: Depths:5
Trove: Elf:1 (give +3 storm dragon scales)


Innate Abilities, Weirdness & Mutations

You are small and have problems with some larger weapons.
You are somewhat resistant to further mutation.
You can translocate small distances at will.
Your mind is acute. (Int +2)
Your magical capacity is low. (-10% MP)
You are robust. (+10% HP)
You are weak. (Str -2)
Potions are less effective at restoring your health.
Your spells are a little easier to cast, but a little less powerful.


Message History

Firing (i - inventory. (,) - cycle):
p - 63 sling bullets (quivered)
Press: ? - help, Shift-Dir - straight line, f - iron giant
Aim: an iron giant, wielding a giant club (severely wounded)
You shoot a sling bullet. The sling bullet hits the iron giant!
The iron giant is severely wounded.
The iron giant points at you and mumbles some strange words.
Your +0 shield of reflection reflects the iron shot!
The iron shot hits the iron giant.
Firing (i - inventory. (,) - cycle):
p - 62 sling bullets (quivered)
Press: ? - help, Shift-Dir - straight line, f/p - iron giant
Aim: an iron giant, wielding a giant club (severely wounded)
You shoot a sling bullet.
The sling bullet hits the iron giant but does no damage.
The iron giant is severely wounded.
Firing (i - inventory. (,) - cycle):
p - 61 sling bullets (quivered)
Press: ? - help, Shift-Dir - straight line, f/p - iron giant
Aim: an iron giant, wielding a giant club (severely wounded)
You shoot a sling bullet. The sling bullet hits the iron giant!!
The iron giant is almost dead.
You block the iron giant's attack. The rust devil completely misses you.
The iron giant points at you and mumbles some strange words.
Your +0 shield of reflection reflects the iron shot!
The iron shot hits the iron giant.
Firing (i - inventory. (,) - cycle):
p - 60 sling bullets (quivered)
Press: ? - help, Shift-Dir - straight line, f/p - iron giant
Aim: an iron giant, wielding a giant club (almost dead)
You shoot a sling bullet.
The sling bullet hits the iron giant but does no damage.
The iron giant is almost dead.
Firing (i - inventory. (,) - cycle):
p - 59 sling bullets (quivered)
Press: ? - help, Shift-Dir - straight line, f/p - iron giant
Aim: an iron giant, wielding a giant club (almost dead)
You shoot a sling bullet.
The sling bullet hits the iron giant but does no damage.
The iron giant is almost dead.
Firing (i - inventory. (,) - cycle):
p - 58 sling bullets (quivered)
Press: ? - help, Shift-Dir - straight line, f/p - iron giant
Aim: an iron giant, wielding a giant club (almost dead)
You shoot a sling bullet. The sling bullet hits the iron giant.
The iron giant is almost dead.
You block the rust devil's attack.
The iron giant throws the iron dragon at you!
* * * LOW HITPOINT WARNING * * *
Firing (i - inventory. (,) - cycle):
p - 57 sling bullets (quivered)
Press: ? - help, Shift-Dir - straight line, f/p - iron giant
Aim: an iron giant, wielding a giant club (almost dead)
You shoot a sling bullet. The sling bullet hits the iron giant!!
You kill the iron giant!
Okawaru accepts your kill. You block the iron dragon's attack. x3
Firing (i - inventory. (,) - cycle):
p - 56 sling bullets (quivered)
Press: ? - help, Shift-Dir - straight line, f - iron giant
Aim: an iron giant, wielding a giant club (severely wounded)
You shoot a sling bullet.
The sling bullet hits the iron giant but does no damage.
The iron giant is severely wounded.
Firing (i - inventory. (,) - cycle):
p - 55 sling bullets (quivered)
Press: ? - help, Shift-Dir - straight line, f/p - iron giant
Aim: an iron giant, wielding a giant club (severely wounded)
You shoot a sling bullet. The sling bullet hits the iron giant!!
The iron giant is almost dead.
The rust devil misses you.
The iron giant hits you with a giant club!!!
You die...

###...# #....#...... .#...#
#....#.....8 '..(#
#....#.....8 ..(###
#....#...... .(..#
###'##...... ########(..#
#..........8 #......#..Z#
####'##....8 '..(...(.C4#
#.....#..... #.(....#((@#
#.....#.....
########.)D##'##.....#....8
######.........#.....#....8
#....#...#######.....#.....
#..).#...#.....#.....#.....
#....#...#.....#######....8
##'###...'.....'...#......8
#........#.....#...#.......
######)..#.....###'#.......


You could see an iron giant, an iron dragon, a rust devil and a fire dragon
zombie.

Vanquished Creatures
  An ancient lich (Abyss:3)
  Geryon (Hell)
  A golden dragon (Depths:5)
  the Enchantress (Depths:2)
  5 bone dragons
  5 liches
  5 iron giants
  3 Tzitzimimeh
  2 Brimstone Fiends (Dis:7)
  Rupert (D:14)
  A tentacled monstrosity (Abyss:3)
  2 Hell Sentinels (Dis:7)
  A Cloud Mage (WizLab)
  2 Ice Fiends (Dis:7)
  A titan (Depths:4)
  2 deep elf master archers (Elf:3)
  2 deep elf blademasters (Elf:3)
  9 ancient champions
  13 tentacled starspawn
  4 Executioners
  Gastronok (D:8)
  3 sphinxes
  3 shadow dragons
  A daeva (Depths:5)
  4 fire giants (Depths:4)
  A tengu reaver (Depths:4)
  4 deep elf sorcerers
  5 iron dragons
  2 balrugs
  6 frost giants
  2 draconian scorchers (Depths:5)
  3 cacodemons
  3 angels (Depths:5)
  4 deep elf elementalists
  22 reapers
  An orc warlord (Elf:2)
  3 spriggan defenders (Depths:2)
  A green draconian (Depths:5)
  12 very ugly things
  8 stone giants
  A vampire knight (Depths:1)
  4 deep elf demonologists (Elf:3)
  2 lorocyprocas
  The ghost of Armakuni the Fencer, a journeyman HuSk of Elyvilon (Orc:2)
  11 deep elf annihilators (Elf:3)
  A white draconian (Depths:5)
  2 purple draconians (Abyss:5)
  A merfolk javelineer (Depths:4)
  A red draconian (Depths:5)
  A yellow draconian (Depths:5)
  2 eidola
  4 ettins
  8 spark wasps
  10 blizzard demons
  6 deep elf death magi (Elf:3)
  A minotaur (Lab)
  2 jiangshi (Depths:1)
  12 fire dragons
  7 yaktaur captains
  2 green deaths
  6 hell beasts
  A quicksilver dragon zombie (Dis:7)
  3 great orbs of eyes
  3 ice dragons
  4 vault guards (D:14)
  5 rakshasas
  13 hydras
  3 ghost crabs (WizLab)
  8 spriggan air magi
  Erica (D:8)
  A catoblepas (D:13)
  4 ogre magi
  2 centaur warriors
  10 deep troll shamans
  22 two-headed ogres
  24 dancing weapons
  6 orc high priests
  3 vampire magi
  8 hell hogs
  7 tengu warriors
  8 death yaks
  2 spriggan berserkers
  2 titan zombies
  5 deep troll earth magi
  7 thrashing horrors
  3 soul eaters
  A storm dragon zombie (Dis:5)
  11 deep elf knights
  5 sun demons (Hell)
  27 skeletal warriors
  3 shock serpents (WizLab)
  An iron golem (Dis:2)
  6 wretched stars
  2 fire crabs (WizLab)
  12 iron trolls
  6 hell knights
  2 storm dragon skeletons
  3 shadow wraiths (Depths:3)
  10 glowing orange brains
  4 sixfirhies
  11 flayed ghosts
  A golden dragon zombie (Hell)
  2 orange crystal statues (Depths:3)
  2 spatial maelstroms
  4 wizards
  A shadow demon (Dis:5)
  A ghost moth zombie (Dis:5)
  6 unseen horrors
  6 death drakes
  6 deep trolls
  A swamp dragon (shapeshifter) (Depths:3)
  An anaconda zombie (Dis:6)
  Pikel (D:8)
  9 deep elf archers
  4 stone giant zombies
  2 mana vipers
  12 orc knights
  7 harpies
  3 phantasmal warriors
  A golden dragon skeleton (Abyss:2)
  A harpy (shapeshifter) (Depths:2)
  3 wolf spider zombies
  30 ugly things
  4 iron dragon zombies
  7 necromancers
  4 orc sorcerers
  35 deep elf magi
  3 fire giant zombies
  8 manticores
  2 cyclopes
  3 iron dragon skeletons
  2 fauns (shapeshifter)
  A fire giant skeleton (Depths:3)
  6 centaur zombies
  An ice statue (IceCv)
  4 worldbinders
  A frost giant zombie (Dis:7)
  Maurice (D:8)
  A black mamba (shapeshifter) (D:15)
  Joseph (D:9)
  A guardian serpent (Abyss:5)
  3 dire elephant zombies
  16 smoke demons
  8 apocalypse crabs
  37 rust devils
  8 orange demons
  A storm dragon simulacrum (Abyss:3)
  A spriggan skeleton (Depths:1)
  The ghost of mopl the Insei, a novice GnTm of Wu Jian (D:5)
  A dire elephant skeleton (Dis:7)
  4 centaur skeletons
  An iron troll zombie (Dis:3)
  A rime drake (IceCv)
  A demonic crawler (Abyss:3)
  15 yaktaurs
  24 tormentors
  3 efreet
  A golden dragon simulacrum (Depths:3)
  11 ice devils
  4 freezing wraiths
  10 ancient zymes
  5 spectral merfolk (Depths:3)
  3 hellwings
  8 hydra zombies
  12 hellions
  A harpy zombie (Dis:7)
  11 red devils
  3 tengu conjurers
  A merfolk (shapeshifter) (Depths:5)
  2 wind drakes (WizLab)
  2 hornets
  An iron troll skeleton (Dis:3)
  3 trolls
  A hornet (shapeshifter) (Depths:4)
  2 hydra skeletons (Hell)
  10 polar bears (IceCv)
  2 raiju (shapeshifter)
  3 blink frogs (Abyss:5)
  5 hippogriffs
  18 raiju
  2 fire dragon zombies
  6 ettin zombies
  A frost giant simulacrum (Depths:1)
  A slime creature (Depths:4)
  2 ice dragon zombies (Dis:7)
  A spriggan (Depths:2)
  Sigmund (D:3)
  25 air elementals
  15 starcursed masses
  15 flying skulls
  11 wraiths
  A black mamba zombie (Dis:5)
  3 vampires (Depths:3)
  10 shadows
  5 wyverns
  10 ynoxinuls
  2 ettin skeletons
  17 water elementals
  3 hogs (D:7)
  36 yaks
  4 basilisks
  A human (D:7)
  A spriggan simulacrum (Depths:1)
  11 fire elementals
  7 golden eyes
  5 chaos spawn
  9 neqoxecs
  A vampire mosquito (D:11)
  8 hungry ghosts
  A soldier ant (shapeshifter) (Depths:4)
  4 insubstantial wisps (Abyss:2)
  18 wargs
  Menkaure (D:4)
  4 spatial vortices
  A naga (Abyss:5)
  A swamp worm (shapeshifter) (Abyss:2)
  2 hydra simulacra
  A floating eye (Depths:3)
  51 hell hounds
  2 spectral trolls (Depths:3)
  A spiny frog zombie (Hell)
  A floating eye (shapeshifter) (Depths:4)
  3 snapping turtle zombies
  51 orc warriors
  2 manticore zombies (Dis:7)
  4 spiny frog skeletons
  24 large abominations
  15 ice beasts
  3 slaves (D:8)
  2 phantoms
  3 black bears
  A hornet zombie (D:10)
  20 ogres
  8 sky beasts
  3 boggarts (Depths:2)
  2 necrophages
  An ogre (shapeshifter) (Depths:1)
  A manticore skeleton (Dis:5)
  7 centaurs
  A deep troll simulacrum (Depths:1)
  17 wolves
  A crocodile (Sewer)
  2 big kobolds
  9 bullfrogs
  24 small abominations
  3 earth elementals
  2 merfolk simulacra (Depths:3)
  2 wyvern zombies
  A glowing shapeshifter simulacrum (Depths:3)
  A water moccasin zombie (D:6)
  A wyvern skeleton (D:13)
  5 scorpions
  A spectral ogre (Depths:3)
  8 killer bees
  A swamp dragon simulacrum (Abyss:5)
  2 spectral nagas (Depths:3)
  A vampire bat (D:3)
  15 wights
  5 howler monkeys
  3 spectral centaurs (Depths:3)
  11 crimson imps
  9 jellies
  5 quasits
  12 orc priests
  Crazy Yiuf (D:3)
  4 bullfrog zombies
  7 hounds
  8 bullfrog skeletons
  22 iron imps
  28 orc wizards
  4 iguanas
  11 worker ants
  11 hell rats (Hell)
  A naga zombie (Dis:7)
  A tengu zombie (Dis:7)
  4 mummies
  A hound skeleton (D:5)
  Robin (D:3)
  A howler monkey skeleton (D:10)
  6 gnolls (D:7)
  4 adders
  A naga simulacrum (Depths:3)
  5 shadow imps
  8 white imps
  3 ufetubi
  2 oozes
  An adder zombie (D:5)
  3 adder skeletons
  3 worms
  A dart slug (D:2)
  7 fire bats
  8 leopard geckos
  90 orcs
  2 spectral bats (D:3)
  17 bats
  3 bat skeletons (D:3)
  A bat zombie (D:3)
  4 giant cockroaches
  11 goblins
  7 hobgoblins
  16 jackals
  14 kobolds
  2 quokkas
  4 ball pythons
  A bat simulacrum (D:3)
  A frilled lizard (D:1)
  A jackal skeleton (D:4)
  A kobold skeleton (Dis:7)
  2 kobold zombies
  A leopard gecko skeleton (D:5)
  A leopard gecko zombie (D:7)
  2 quokka skeletons
  14 rats
  2 fungi
  A lurking horror (Abyss:5)
  2 plants (Depths:3)
  12 starspawn tentacles
  A withered plant (D:13)
1892 creatures vanquished.

Vanquished Creatures (others)
  An ancient champion (Dis:4)
  A spriggan air mage (WizLab)
  A centaur warrior (Depths:4)
  An ogre mage (Depths:2)
  A deep elf archer (Elf:1)
  A deep elf mage (Elf:1)
  An orc sorcerer (Abyss:3)
  2 yaktaurs (Depths:4)
  A wind drake (WizLab)
  A slime creature (Abyss:5)
  An air elemental (WizLab)
  An ettin skeleton (Hell)
  A redback (Abyss:3)
  2 water elementals
  A wyvern (Abyss:3)
  A chaos spawn (Abyss:3)
  A golden eye (shapeshifter) (Elf:1)
  3 yaks (IceCv)
  7 golden eyes (Abyss:5)
  A naga (Abyss:5)
  2 small abominations (Abyss:5)
  An orc warrior (Orc:2)
  2 wights (Dis:5)
  2 crimson imps (Abyss:2)
  An iron imp (Dis:7)
  A white imp (Abyss:2)
  An orc (Orc:2)
  2 bushes
  A fungus (Depths:3)
  4 lurking horrors
  18 plants
  32 starspawn tentacles
97 creatures vanquished.

Grand Total: 1989 creatures vanquished

Notes
Turn   | Place    | Note
-------+----------+-------------------------------------------
     0 | D:1      | Amnesiac the Halfling Fighter began the quest for the Orb.
     0 | D:1      | Reached XP level 1. HP: 15/15 MP: 1/1
    22 | D:1      | Reached skill level 1 in Dodging
   143 | D:1      | Reached XP level 2. HP: 15/20 MP: 2/2
   285 | D:1      | Reached XP level 3. HP: 14/25 MP: 3/3
   926 | D:2      | Reached skill level 1 in Slings
  1001 | D:2      | Reached XP level 4. HP: 29/30 MP: 4/4
  1600 | D:3      | Found a runed door.
  2103 | D:3      | Noticed Robin
  2143 | D:3      | Killed Robin
  2267 | D:3      | Noticed Sigmund
  2326 | D:4      | Found a shattered altar of Ashenzari.
  2395 | D:4      | Reached XP level 5. HP: 35/35 MP: 5/5
  2477 | D:4      | Reached skill level 5 in Slings
  2506 | D:4      | Noticed a sky beast
  2572 | D:4      | Killed a sky beast
  2572 | D:4      | Reached XP level 6. HP: 4/41 MP: 6/6
  2640 | D:4      | Noticed Menkaure
  2684 | D:4      | Found a glowing drain.
  2907 | Sewer    | Entered a sewer
  3189 | D:4      | Reached XP level 7. HP: 41/45 MP: 7/7
  3461 | D:4      | You fall through a shaft for 3 floors!
  3545 | D:6      | Reached skill level 10 in Slings
  3551 | D:6      | Reached XP level 8. HP: 22/51 MP: 8/8
  3721 | D:6      | Found a staircase to the Ecumenical Temple.
  3730 | Temple   | Entered the Ecumenical Temple
  3909 | Temple   | Became a worshipper of Warmaster Okawaru
  4114 | D:5      | Entered Level 5 of the Dungeon
  4164 | D:5      | Noticed mopl's ghost (novice GnTm)
  4179 | D:5      | Killed mopl's ghost
  4179 | D:5      | Reached * piety under Okawaru
  4235 | D:5      | Reached XP level 9. HP: 50/55 MP: 9/9
  4469 | D:5      | Found a shadowy altar of Dithmenos.
  4473 | D:5      | Found a glowing golden altar of the Shining One.
  4476 | D:5      | Found a bloodstained altar of Trog.
  4492 | D:5      | Found a deep blue altar of Sif Muna.
  4558 | D:5      | Found a shimmering altar of Xom.
  4751 | D:4      | Killed Menkaure
  4800 | D:4      | Found a sacrificial altar of Ru.
  4800 | D:4      | Found a burning altar of Makhleb.
  4907 | D:3      | Killed Sigmund
  4907 | D:3      | Reached ** piety under Okawaru
  5222 | D:3      | Noticed Crazy Yiuf
  5229 | D:3      | Killed Crazy Yiuf
  5229 | D:3      | Reached skill level 1 in Invocations
  6377 | D:6      | Found a white marble altar of Elyvilon.
  6525 | D:7      | Gained mutation: You are frail. (-10% HP) [mutagenic meat]
  6528 | D:7      | Lost mutation: You are frail. (-10% HP) [potion of mutation]
  6528 | D:7      | Gained mutation: You are robust. (+10% HP) [potion of mutation]
  6937 | D:7      | Reached XP level 10. HP: 69/69 MP: 11/11
  7030 | D:7      | Gained mutation: You are very robust. (+20% HP) [mutagenic meat]
  7032 | D:7      | Gained mutation: You can translocate small distances at will. [mutagenic meat]
  7088 | D:7      | Reached skill level 5 in Shields
  7348 | D:7      | Reached skill level 5 in Armour
  7348 | D:7      | Reached skill level 5 in Dodging
  7356 | D:7      | Reached *** piety under Okawaru
  7452 | D:8      | Noticed Joseph
  7452 | D:8      | Noticed Gastronok
  7499 | D:9      | Killed Joseph
  7888 | D:8      | Killed Gastronok
  7888 | D:8      | Received a gift from Okawaru
  7888 | D:8      | Reached **** piety under Okawaru
  7888 | D:8      | Received a gift from Okawaru
  7888 | D:8      | Received a gift from Okawaru
  7888 | D:8      | Reached skill level 5 in Fighting
  7888 | D:8      | Reached XP level 11. HP: 86/86 MP: 13/13
  8036 | D:8      | Noticed Maurice
  8094 | D:8      | Killed Maurice
  8258 | D:8      | Noticed Erica
  8283 | D:8      | Killed Erica
  8283 | D:8      | Received a gift from Okawaru
  8511 | D:8      | Found a viscous altar of Jiyva.
  8570 | D:8      | Noticed Pikel
  8603 | D:8      | Killed Pikel
  8603 | D:8      | Received a gift from Okawaru
  8901 | D:9      | Noticed a two-headed ogre
  8910 | D:9      | Killed a two-headed ogre
  8910 | D:9      | Received a gift from Okawaru
  9330 | D:9      | Found a snail-covered altar of Cheibriados.
  9667 | D:9      | Noticed a two-headed ogre
  9682 | D:9      | Killed a two-headed ogre
  9682 | D:9      | Received a gift from Okawaru
  9866 | D:10     | Entered Level 10 of the Dungeon
  9928 | D:10     | Found Vidacoz's Food Shop.
  9989 | D:10     | Found Suvustem's Food Emporium.
  9997 | D:10     | Found Fyal's Assorted Antiques.
  9998 | D:10     | Found Hemeludu's Gadget Emporium.
 10001 | D:10     | Found Cuokk's Magic Scroll Emporium.
 10011 | D:10     | Bought a scroll of fog for 24 gold pieces
 10011 | D:10     | Bought a scroll of noise for 12 gold pieces
 10018 | D:10     | Bought a scroll labeled SATONY QICANA for 38 gold pieces
 10018 | D:10     | Bought a scroll labeled TAHOSEB WADAC for 38 gold pieces
 10271 | D:10     | Reached ***** piety under Okawaru
 10319 | D:10     | Received a gift from Okawaru
 10870 | D:10     | Reached XP level 12. HP: 96/96 MP: 15/15
 10874 | D:10     | Reached skill level 5 in Invocations
 11036 | D:10     | Found a blossoming altar of Fedhas.
 11152 | D:10     | Noticed a two-headed ogre
 11163 | D:10     | Killed a two-headed ogre
 11163 | D:10     | Received a gift from Okawaru
 11479 | D:11     | Noticed a death yak
 11479 | D:11     | Noticed an eight-headed hydra
 11480 | D:11     | Noticed a death yak
 11480 | D:11     | Noticed a death yak
 11498 | D:11     | Killed a death yak
 11498 | D:11     | Received a gift from Okawaru
 11563 | D:10     | Killed a death yak
 11652 | D:11     | Reached skill level 1 in Evocations
 11670 | D:11     | Noticed a seven-headed hydra
 11710 | D:11     | Noticed a death yak
 11734 | D:11     | Killed a death yak
 11734 | D:11     | Received a gift from Okawaru
 11780 | D:11     | Killed an eight-headed hydra
 11780 | D:11     | Received a gift from Okawaru
 11781 | D:11     | Got a translucent fustibalus {god gift}
 11782 | D:11     | Identified the +1 fustibalus "Lememuzu" {freeze, rPois rN+ MR+ Dex+4} (Okawaru gifted it to you on level 11 of the Dungeon)
 11788 | D:11     | Noticed a death yak
 11800 | D:11     | Killed a death yak
 11801 | D:11     | Noticed a death yak
 11804 | D:11     | Killed a death yak
 11811 | D:11     | Killed a death yak
 12085 | D:11     | Killed a seven-headed hydra
 12117 | D:11     | Found a staircase to the Lair.
 12158 | D:11     | Noticed a two-headed ogre
 12172 | D:11     | Killed a two-headed ogre
 12172 | D:11     | Received a gift from Okawaru
 12172 | D:11     | Reached XP level 13. HP: 101/105 MP: 17/17
 12482 | D:11     | Found a large runed door.
 12483 | D:11     | Found a large runed door.
 12511 | D:11     | Received a gift from Okawaru
 12512 | D:11     | Got a faintly glowing robe {god gift}
 12579 | D:11     | Identified the +2 robe of Eceiju {rF+ rCorr Str+3} (Okawaru gifted it to you on level 11 of the Dungeon)
 12615 | D:11     | Learned a level 1 spell: Summon Small Mammal
 12627 | D:11     | Found a large runed door.
 12627 | D:11     | Found a large runed door.
 12749 | D:11     | Reached skill level 10 in Armour
 12749 | D:11     | Reached skill level 10 in Shields
 12969 | D:11     | Noticed a centaur warrior
 12978 | D:11     | Killed a centaur warrior
 12978 | D:11     | Reached skill level 10 in Dodging
 13059 | D:12     | Found a staircase to the Orcish Mines.
 14230 | D:13     | Received a gift from Okawaru
 14406 | D:13     | You fall through a shaft for 2 floors!
 14406 | D:15     | Entered Level 15 of the Dungeon
 14483 | D:15     | Reached XP level 14. HP: 110/116 MP: 19/19
 14579 | D:15     | Noticed Rupert
 14600 | D:15     | Paralysed by Rupert for 3 turns
 14630 | D:14     | Killed Rupert
 14690 | D:14     | Found a frozen archway.
 14997 | IceCv    | Entered an ice cave
 15602 | IceCv    | Received a gift from Okawaru
 15732 | IceCv    | Got scorched swamp dragon scales
 15738 | IceCv    | Identified the cursed +0 swamp dragon scales of the Centipede {*Contam rPois rF+ rC+ MR+} (You found it in an ice cave)
 16078 | IceCv    | Noticed a frost giant
 16132 | IceCv    | Killed a frost giant
 16132 | IceCv    | Received a gift from Okawaru
 16340 | D:14     | Reached skill level 5 in Evocations
 16437 | D:14     | Received a gift from Okawaru
 16513 | D:14     | Reached ****** piety under Okawaru
 16513 | D:14     | Received a gift from Okawaru
 16513 | D:14     | Reached skill level 10 in Fighting
 16575 | D:14     | Found a gate to the Vaults.
 16650 | D:14     | Received a gift from Okawaru
 17482 | D:13     | Learned a level 3 spell: Regeneration
 17485 | D:13     | Learned a level 2 spell: Song of Slaying
 17534 | D:13     | Reached XP level 15. HP: 102/123 MP: 21/21
 17842 | D:13     | Received a gift from Okawaru
 18094 | D:13     | Found Suiceo's Assorted Antiques.
 18101 | D:13     | Bought a pair of embroidered boots for 172 gold pieces
 18101 | D:13     | Bought a scroll labeled YNYEMN MECS for 23 gold pieces
 18101 | D:13     | Bought a scroll labeled UMOESE ZOUG for 23 gold pieces
 18101 | D:13     | Bought a smoky red potion for 20 gold pieces
 18186 | D:13     | Found Haosiyps's General Store.
 18586 | D:13     | Received a gift from Okawaru
 19301 | D:15     | Found a staircase to the Depths.
 19312 | D:15     | Received a gift from Okawaru
 19880 | D:13     | Gained mutation: Your magical capacity is low. (-10% MP) [mutagenic glow]
 20082 | Orc:1    | Entered Level 1 of the Orcish Mines
 20324 | Orc:1    | Received a gift from Okawaru
 20578 | Orc:2    | Entered Level 2 of the Orcish Mines
 20578 | Orc:2    | Found a labyrinth entrance.
 20677 | Lab      | Entered a labyrinth
 21066 | Lab      | Got a brightly glowing shortbow {flame}
 21073 | Lab      | Identified the +7 shortbow "Ygytwajatz" {flame, rElec rPois Str+6 Int-4} (You took it off a minotaur in a labyrinth)
 21090 | Lab      | Got an encrusted dagger
 21118 | Orc:2    | Learned a level 2 spell: Poisonous Vapours
 21165 | Orc:2    | Noticed Armakuni's ghost (journeyman HuSk)
 21218 | Orc:2    | Killed Armakuni's ghost
 21550 | Orc:2    | Received a gift from Okawaru
 21557 | Orc:2    | Got fine shadow dragon scales {god gift}
 21568 | Orc:2    | Identified the +10 shadow dragon scales of Suathraoq {*Drain rF+ rC+++ Str+2 Stlth++++} (Okawaru gifted it to you on level 2 of the Orcish Mines)
 21956 | Orc:2    | Found Haduxiah's Gadget Shop.
 21956 | Orc:2    | Found Esusoac's Gadget Shoppe.
 22117 | Orc:2    | Reached XP level 16. HP: 67/134 MP: 20/20
 22395 | Orc:2    | Found a roughly hewn altar of Beogh.
 22423 | Orc:2    | Found Rimayrias's Book Shop.
 22423 | Orc:2    | Found Ceapsusch's General Store.
 22431 | Orc:2    | Bought a scroll of enchant armour for 127 gold pieces
 22563 | Orc:2    | Found a staircase to the Elven Halls.
 23273 | Elf:1    | Entered Level 1 of the Elven Halls
 23436 | Elf:1    | Found a portal to a secret trove of treasure.
 23645 | Elf:1    | Received a gift from Okawaru
 23673 | Elf:1    | Noticed a sphinx
 23675 | Elf:1    | Noticed a sphinx
 23697 | Elf:1    | Killed a sphinx
 23708 | Elf:1    | Killed a sphinx
 24115 | Elf:1    | Received a gift from Okawaru
 24135 | Elf:1    | Got an ivory hunting sling {god gift}
 24136 | Elf:1    | Identified the +8 hunting sling of Subterfuge {velocity, rN+} (Okawaru gifted it to you on level 1 of the Elven Halls)
 24694 | Elf:2    | Found a runed gate.
 24694 | Elf:2    | Found a runed gate.
 24694 | Elf:2    | Found a runed gate.
 24752 | Elf:2    | Received a gift from Okawaru
 24827 | Elf:2    | Received a gift from Okawaru
 24827 | Elf:2    | Reached XP level 17. HP: 112/142 MP: 20/21
 25226 | Elf:2    | Found a roughly hewn altar of Beogh.
 25336 | Elf:2    | Reached skill level 10 in Invocations
 25415 | Elf:2    | Received a gift from Okawaru
 26013 | Elf:2    | Received a gift from Okawaru
 26638 | Elf:3    | Identified a paperback manual
 26638 | Elf:3    | Entered Level 3 of the Elven Halls
 27199 | Elf:3    | Noticed a deep elf blademaster
 27211 | Elf:3    | Killed a deep elf blademaster
 27211 | Elf:3    | Received a gift from Okawaru
 27235 | Elf:3    | Reached XP level 18. HP: 110/152 MP: 17/22
 27242 | Elf:3    | Noticed a deep elf blademaster
 27259 | Elf:3    | Noticed a Brimstone Fiend
 27259 | Elf:3    | Killed a deep elf blademaster
 27276 | Elf:3    | HP: 3/152 [Brimstone Fiend/damnation[a deep elf demonologist] (28)]
 28007 | Elf:3    | Reached skill level 15 in Armour
 28007 | Elf:3    | Reached skill level 15 in Dodging
 28091 | Elf:3    | Reached skill level 15 in Shields
 28278 | Elf:3    | Received a gift from Okawaru
 28281 | Elf:3    | Got a steaming scale mail {god gift}
 28304 | Elf:3    | Noticed a deep elf master archer
 28305 | Elf:3    | Noticed a deep elf master archer
 28316 | Elf:3    | Killed a deep elf master archer
 28342 | Elf:3    | Killed a deep elf master archer
 28533 | Elf:3    | Got a jewelled ring mail
 28552 | Elf:3    | Identified the +1 scale mail "Qaemarei" {Dex+6 SInv} (Okawaru gifted it to you on level 3 of the Elven Halls)
 28553 | Elf:3    | Identified the +3 ring mail of Orhy {SInv Stlth+} (You took it off a deep elf master archer on level 3 of the Elven Halls)
 28775 | Elf:3    | Found the +9 heavy crossbow "Sniper" {velocity, Acc+∞ SInv}
 29098 | Depths:1 | Entered Level 1 of the Depths
 29147 | Depths:1 | Found a gateway to Hell.
 29423 | Depths:1 | Found a flickering gateway to a bazaar.
 29463 | Bazaar   | Entered a bazaar
 29484 | Bazaar   | Found Cixurghi's Food Boutique.
 29498 | Bazaar   | Found Bulat's Antique Armour Shop.
 29512 | Bazaar   | Found Soninn's Food Boutique.
 29541 | Bazaar   | Found Hell's Food Boutique.
 29653 | Depths:1 | Reached skill level 15 in Slings
 29807 | Depths:1 | Received a gift from Okawaru
 30440 | Depths:1 | Reached XP level 19. HP: 137/162 MP: 23/23
 30576 | Depths:2 | Found a glowing golden altar of the Shining One.
 30887 | Depths:2 | Received a gift from Okawaru
 30959 | Depths:2 | Found a magical portal.
 30964 | WizLab   | Entered The Chambers of the Cloud Mage
 32000 | WizLab   | Paralysed by an apocalypse crab for 2 turns
 32352 | WizLab   | Noticed Voif
 32384 | WizLab   | Killed Voif the Cloud Mage
 32412 | WizLab   | Received a gift from Okawaru
 32419 | WizLab   | Got a wavering tin ring
 32421 | WizLab   | Got a vibrating pewter ring
 32422 | WizLab   | Identified Irrig's Disquisition on Weightlessness
 32424 | WizLab   | Identified the Grimoire of Virous Feathers
 32771 | Depths:2 | Noticed the Enchantress
 32840 | Depths:2 | Killed the Enchantress
 32840 | Depths:2 | Received a gift from Okawaru
 32847 | Depths:2 | Got faerie dragon scales
 32900 | Depths:2 | Identified the +0 faerie dragon scales {rF+ Regen+ rCorr Dex+3} (You took it off the Enchantress on level 2 of the Depths)
 32905 | Depths:2 | Identified the ring "Sochah" {+Inv +Fly rPois Str+4 Dex+4} (You found it in a wizard's laboratory)
 32906 | Depths:2 | Identified the cursed ring "Otesmem" {rF+++ rC++ MP+9 Int-2 Dex-5 SInv} (You found it in a wizard's laboratory)
 33042 | Depths:2 | Received a gift from Okawaru
 33045 | Depths:2 | Got a scorched hunting sling {god gift}
 33046 | Depths:2 | Identified the +10 hunting sling "Vosuxob" {freeze, Str+4} (Okawaru gifted it to you on level 2 of the Depths)
 33133 | Depths:2 | Found a one-way gate leading to the halls of Pandemonium.
 33307 | Depths:3 | Reached XP level 20. HP: 171/171 MP: 24/24
 34013 | Depths:3 | Received a gift from Okawaru
 34054 | Depths:3 | Received a gift from Okawaru
 34852 | Depths:3 | Noticed a Tzitzimitl
 34934 | Depths:3 | Reached skill level 1 in Stealth
 35290 | Depths:3 | Killed a Tzitzimitl
 35978 | Depths:3 | Found a one-way gate to the infinite horrors of the Abyss.
 36036 | Depths:3 | Learned a level 2 spell: Passwall
 36041 | Depths:3 | Learned a level 4 spell: Passage of Golubria
 36044 | Depths:3 | Got an ancient hand crossbow
 36045 | Depths:3 | Identified the +5 hand crossbow of the Three Gods {venom, Int-2 Dex+3} (You found it on level 3 of the Depths)
 36862 | Depths:4 | Received a gift from Okawaru
 37027 | Depths:4 | Received a gift from Okawaru
 37030 | Depths:4 | Got a steaming plate armour {god gift}
 37210 | Depths:4 | Reached XP level 21. HP: 132/178 MP: 25/25
 37791 | Depths:4 | Got an uncursed warped flail {freeze}
 37895 | Depths:4 | Reached skill level 5 in Short Blades
 37939 | Depths:4 | Reached skill level 5 in Stealth
 38288 | Depths:4 | Reached skill level 15 in Fighting
 38484 | Depths:4 | Identified the +7 flail of Fundamental Breach {freeze, rPois MR- SInv} (You found it on level 4 of the Depths)
 38604 | Depths:4 | Identified the +2 plate armour "Geasator" {Str+3 Stlth+} (Okawaru gifted it to you on level 4 of the Depths)
 38736 | Depths:4 | Received a gift from Okawaru
 39080 | Depths:5 | Entered Level 5 of the Depths
 39119 | Depths:4 | Received a gift from Okawaru
 39255 | Depths:5 | Received a gift from Okawaru
 39462 | Depths:5 | Received a gift from Okawaru
 39559 | Depths:5 | Found a gateway to a ziggurat.
 39566 | Depths:5 | Noticed a caustic shrike
 39566 | Depths:5 | Noticed a caustic shrike
 39566 | Depths:5 | Noticed a caustic shrike
 39950 | Depths:5 | Found Sinoenid's Jewellery Shop.
 39950 | Depths:5 | Found Qotzamiemao's Gadget Shoppe.
 39951 | Depths:5 | Found Ryehong's Gadget Shoppe.
 39994 | Depths:5 | Received a gift from Okawaru
 40531 | D:10     | Bought a wand of digging (10) for 448 gold pieces
 41189 | Depths:5 | Received a gift from Okawaru
 41249 | Depths:5 | Reached XP level 22. HP: 163/188 MP: 26/26
 41342 | Depths:5 | Noticed a golden dragon
 41390 | Depths:5 | Killed a golden dragon
 41705 | Depths:5 | Found a gate to the Realm of Zot.
 41826 | Depths:4 | Voluntarily entered the Abyss.
 42188 | Abyss:1  | Got a polished fustibalus
 42213 | Abyss:1  | Paralysed by accursed screaming for 1 turns
 42477 | Abyss:2  | Received a gift from Okawaru
 42509 | Abyss:2  | Identified the +2 fustibalus "Ogreslayer" {freeze, *Drain Dex+3 SInv} (You acquired it on level 1 of the Abyss)
 43214 | Abyss:3  | Found a burning altar of Makhleb.
 43396 | Abyss:5  | Entered Level 5 of the Abyss
 43400 | Abyss:5  | Received a gift from Okawaru
 43401 | Abyss:5  | Got a faintly glowing fustibalus {god gift}
 43477 | Abyss:5  | Noticed a bone dragon
 43497 | Abyss:5  | Identified the +9 fustibalus "Beastbane" {velocity, rN+ Int+2 Dex+2} (Okawaru gifted it to you on level 5 of the Abyss)
 43514 | Abyss:5  | Killed a bone dragon
 43679 | Abyss:5  | Noticed a bone dragon
 43704 | Abyss:5  | Killed a bone dragon
 43797 | Abyss:5  | Received a gift from Okawaru
 44027 | Abyss:5  | Noticed a bone dragon
 44094 | Abyss:5  | Killed a bone dragon
 44163 | Abyss:5  | Noticed a profane servitor
 44212 | Depths:4 | Escaped the Abyss
 44218 | Depths:4 | HP: 7/190 [white very ugly thing (8)]
 44634 | Depths:4 | Voluntarily entered the Abyss.
 44639 | Abyss:1  | Found a corrupted altar of Lugonu.
 44887 | Abyss:2  | Paralysed by you for 3 turns
 44921 | Abyss:2  | Paralysed by you for 2 turns
 44925 | Abyss:2  | Reached XP level 23. HP: 178/196 MP: 27/27
 45167 | Abyss:2  | Received a gift from Okawaru
 45214 | Abyss:2  | Received a gift from Okawaru
 45833 | Abyss:3  | Found an ornate altar of the Wu Jian Council.
 46025 | Abyss:3  | Got a dazzling mace
 46102 | Abyss:3  | Received a gift from Okawaru
 46227 | Abyss:3  | Paralysed by accursed screaming for 1 turns
 46411 | Abyss:3  | Found a corrupted altar of Lugonu.
 46709 | Abyss:3  | Found an ancient bone altar of Kikubaaqudgha.
 46923 | Abyss:3  | Paralysed by an ogre mage for 4 turns
 46968 | Abyss:3  | Paralysed by an ogre mage for 7 turns
 46999 | Abyss:3  | Noticed an ancient lich
 47020 | Abyss:3  | Killed an ancient lich
 47022 | Abyss:3  | Got an abyssal rune of Zot
 47124 | Abyss:4  | Received a gift from Okawaru
 47170 | Abyss:4  | Found a corrupted altar of Lugonu.
 47243 | Abyss:5  | Entered Level 5 of the Abyss
 47398 | Abyss:5  | Received a gift from Okawaru
 47564 | Depths:4 | Escaped the Abyss
 47957 | Hell     | Entered the Vestibule of Hell
 48015 | Hell     | Noticed Geryon
 48041 | Hell     | Killed Geryon
 48119 | Hell     | Received a gift from Okawaru
 48129 | Hell     | Reached XP level 24. HP: 204/205 MP: 27/27
 48198 | Hell     | Found a gateway to the Iron City of Dis.
 48386 | Hell     | Found a gateway to the ashen valley of Gehenna.
 48623 | Hell     | Found a gateway to the freezing wastes of Cocytus.
 48777 | Hell     | Found a gateway to the decaying netherworld of Tartarus.
 49117 | Dis:1    | Entered Level 1 of the Iron City of Dis
 49527 | Dis:2    | Gained mutation: Potions are less effective at restoring your health. [mutagenic glow]
 49584 | Dis:2    | Lost mutation: You are very robust. (+20% HP) [mutagenic glow]
 49833 | Dis:3    | Reached skill level 1 in Charms
 49943 | Dis:3    | Reached skill level 1 in Necromancy
 49962 | Dis:3    | Reached skill level 1 in Spellcasting
 50053 | Dis:3    | HP: 4/187 [something (37)]
 50583 | Dis:3    | Received a gift from Okawaru
 50799 | Dis:3    | Received a gift from Okawaru
 50802 | Dis:3    | Got a pair of polished gloves {god gift}
 50803 | Dis:3    | Identified the +2 pair of gloves "Ures Oru" {Dex+2 Slay-5 Stlth+} (Okawaru gifted it to you on level 3 of the Iron City of Dis)
 50961 | Dis:4    | Reached skill level 10 in Evocations
 51486 | Dis:5    | Gained mutation: You are weak. (Str -2) [mutagenic glow]
 51530 | Dis:5    | Gained mutation: Your mind is acute. (Int +2) [mutagenic glow]
 51926 | Dis:7    | Entered Level 7 of the Iron City of Dis
 51948 | Dis:7    | Gained mutation: Your spells are a little easier to cast, but a little less powerful. [mutagenic glow]
 52090 | Dis:7    | Reached XP level 25. HP: 113/189 MP: 27/27
 52309 | Dis:7    | Received a gift from Okawaru
 52325 | Dis:7    | Got a pair of encrusted gloves {god gift}
 52326 | Dis:7    | Identified the +0 pair of gloves of Qoeptahu {rF+} (Okawaru gifted it to you on level 7 of the Iron City of Dis)
 52825 | Dis:7    | HP: 6/188 [stone giant zombie[the effects of Hell] (7)]
 53655 | Dis:7    | Received a gift from Okawaru
 53690 | Dis:7    | Got a steaming short sword {god gift}
 53950 | Dis:7    | Identified the Reference Book on Conjuration
 54979 | Dis:7    | Received a gift from Okawaru
 55148 | Dis:7    | Received a gift from Okawaru
 55431 | Dis:7    | Received a gift from Okawaru
 55435 | Dis:7    | Got a jewelled hunting sling {god gift}
 55456 | Dis:7    | Identified the +1 hunting sling "Ofrogg" {velocity, rPois MP+9} (Okawaru gifted it to you on level 7 of the Iron City of Dis)
 55480 | Dis:7    | Reached XP level 26. HP: 170/198 MP: 28/28
 55527 | Dis:7    | Slain by an iron giant

Vault maps used:
D:1:      dpeg_arrival_ratfight, amethyst_killhole, minmay_rat_gold_closets
D:2:      first_bread
D:3:      goddamned_bats, uniq_sigmund, uniq_crazy_yiuf_cottage, uniq_robin
D:4:      ashenzari_altar_1, gammafunk_temple_overflow_wave,
          portal_sewer_entry_b, uniq_menkaure
D:5:      grunt_temple_overflow_open, minmay_curled_crystal
D:6:      minmay_temple_entry_glass, st_stairs_3, elyvilon_altar_5
D:7:      grunt_livestock, minmay_misc_feat_iff
D:8:      jiyva_altar_1, uniq_maurice, uniq_joseph, uniq_erica, uniq_pikel,
          uniq_gastronok
D:9:      kennysheep_little_box
D:10:     serial_shops, shop, roderic_serpentine_path, minmay_shop_grid_forest,
          fedhas_altar_3
D:11:     dpeg_lair_monsters, minmay_hollow_rounded_squares
D:12:     orc_0_dummy
D:13:     serial_shops, kennysheep_mini, nicolae_shop_crystal,
          argonaut_gorgonesque
D:14:     lightli_vaults_fourway_checkpoint, portal_ice_cave_entry_ice_beasts
D:15:     grunt_enter_depths_magical_seal, serial_park_square2, uniq_rupert
Temple:   nicolae_temple_figure_eight
Orc:2:    st_orc_town, lab_entry_generic
Elf:1:    special_room, nicolae_trove_entry_diagonal, evilmike_minifort
Elf:2:    special_room
Elf:3:    elf_hall
Depths:1: hell_entry, serial_shops, bzr_entry_lakeside, serial_sigils,
          serial_sigils_hangedman_scar, serial_sigils_hangedman_confine,
          serial_sigils_hangedman_shear, serial_sigils_hangedman_carve,
          serial_sigils_hangedman_snap, serial_sigils_hangedman_shear,
          grunt_tough_drop
Depths:2: regret_index_uskayaw_diablada_macabre, infiniplex_enter_wizlab_spiral,
          tso_metal_star, grunt_pan_entry_spiral, grunt_hell_entry_dis_mu,
          uniq_enchantress
Depths:3: lemuel_river_lethe, abyss_entry, pan_entry, hell_entry
Depths:4: four-leaf_vault, abyss_entry, grunt_mini_vestibule,
          infiniplex_staircase_star
Depths:5: evilmike_zot_entry_hall, enter_ziggurat_c, hell_entry,
          hangedman_abyss_or_decor_slice, minmay_shop_grove
Dis:1:    hangedman_feature_mirror, hangedman_dis_decor_blocks_mantle,
          hangedman_dis_decor_blocks_crown
Dis:3:    hangedman_dis_monolith
Dis:7:    dis_st
Abyss:1:  evilmike_abyss_exit_15
Abyss:2:  abyss_exit_lava
Abyss:3:  evilmike_abyss_exit_10, minivault_4, minivault_26,
          dshaligram_kb_abyss_rune_zappy_water_cross
Abyss:4:  evilmike_abyss_exit_plants, doesnt_abyss_rune_brain_food,
          evilmike_abyss_exit_17, gammafunk_abyss_exit_x_factor
Abyss:5:  evilmike_abyss_exit_16, hangedman_cross_veins, minivault_1,
          minivault_24, hangedman_relentless_pull,
          hangedman_abyss_rune_macabre_mess, evilmike_abyss_exit_6,
          hangedman_abyss_or_decor_jellyfish_corner, evilmike_abyss_exit_8
Lab:      nicolae_lab_dead_adventurers, labyrinth_lava_lair,
          nicolae_lab_diamond, labyrinth_fake_exit, nicolae_lab_arrow,
          labyrinth_skeletal_remains, nicolae_lab_t_cross, nicolae_lab_grate_2
Bazaar:   bazaar_minmay_snake
Sewer:    sewer_the_crocodile
IceCv:    ice_cave_caverns_03
WizLab:   wizlab_cloud

Skill      XL: |  1  2  3  4  5  6  7  8  9 10 11 12 13 14 15 16 17 18 19 20 21 22 23 24 25 26 |
---------------+-------------------------------------------------------------------------------+-----
Dodging        | 1 2 3 4 6 8 9 10 11 12 13 14 15 16 17 18 19 20 | 20.1
Slings         | 1 4 6 8 10 13 14 15 16 17 18 19 | 19.1
Fighting       | 3 5 6 8 9 10 11 12 13 14 15 16 17 | 17.2
Invocations    | 2 3 4 6 7 8 9 10 | 10.0
Shields        | 4 6 8 9 10 11 12 13 14 15 16 17 18 19 20 | 20.0
Armour         | 4 6 8 9 10 11 12 13 14 15 16 17 18 19 20 | 20.0
Evocations     | 2 4 5 7 9 10 11 | 11.6
Short Blades   | 4 6 7 |  7.9
Stealth        | 4 6 7 |  7.9
Charms         | 3 4 |  4.6
Necromancy     | 2 3 |  3.3
Spellcasting   | 1 2 |  2.0

Action                   |  1- 3 |  4- 6 |  7- 9 | 10-12 | 13-15 | 16-18 | 19-21 | 22-24 | 25-27 || total
-------------------------+-------+-------+-------+-------+-------+-------+-------+-------+-------++-------
Melee: Rapier            |    66 |       |       |       |       |       |       |       |       ||    66
       Whip              |    52 |    81 |       |       |     7 |       |       |       |       ||   140
       Fustibalus        |       |       |       |       |     3 |     1 |       |       |       ||     4
       Hunting sling     |       |       |       |       |       |     4 |     7 |       |       ||    11
       Unarmed           |       |       |       |       |       |       |    11 |       |       ||    11
       Quick blade       |       |       |       |       |       |       |   101 |  1765 |       ||  1866
 Fire: Blowgun           |       |    28 |       |    25 |       |       |       |       |       ||    53
       Hunting sling     |       |    43 |   388 |   648 |   629 |  1405 |  2430 |   318 |       ||  5861
       Fustibalus        |       |       |       |    51 |  1227 |   235 |       |  1741 |   925 ||  4179
Throw: Stone             |    52 |    44 |       |       |     2 |       |     3 |       |       ||   101
       Throwing net      |       |       |       |       |       |       |       |     2 |       ||     2
 Cast: Poisonous Vapours |       |       |       |       |       |       |    10 |       |       ||    10
       Regeneration      |       |       |       |       |       |       |       |       |    21 ||    21
Invok: Heroism           |       |       |       |     1 |     9 |     4 |    10 |     3 |       ||    27
       Finesse           |       |       |       |     1 |     8 |     3 |    13 |    11 |     5 ||    41
 Abil: Blink             |       |       |       |       |       |     3 |    10 |    10 |       ||    23
       Evoke Flight      |       |       |       |       |       |     1 |     6 |       |       ||     7
Evoke: Wand              |       |       |       |     6 |     2 |       |     2 |     1 |       ||    11
       Lamp of fire      |       |       |       |     1 |       |       |       |       |       ||     1
  Use: Scroll            |       |     6 |       |     7 |    22 |    11 |    16 |     8 |     5 ||    75
       Potion            |       |     1 |     1 |       |     1 |     5 |     5 |    16 |     1 ||    30
 Stab: Distracted        |       |       |       |       |       |       |       |     7 |       ||     7
       Held in net/web   |       |       |       |       |       |       |       |     2 |       ||     2
       Sleeping          |       |       |       |       |       |       |       |     1 |       ||     1
  Eat: Chunk             |     1 |     7 |    17 |    19 |    24 |    12 |    11 |     1 |       ||    92
       Fruit             |       |       |       |       |     3 |     8 |       |     8 |       ||    19
       Royal jelly       |       |       |       |       |     1 |     3 |    12 |       |       ||    16
       Bread ration      |       |       |       |       |       |       |     1 |       |       ||     1
       Meat ration       |       |       |       |       |       |       |       |     4 |     4 ||     8
Armor: Scale mail        |    43 |    37 |    34 |    60 |    84 |       |       |       |       ||   258
       Chain mail        |       |    11 |    18 |       |       |       |       |       |       ||    29
       Swamp dragon scal |       |       |       |       |    74 |       |       |       |       ||    74
       Shadow dragon sca |       |       |       |       |    10 |   187 |   339 |   584 |   133 ||  1253
Dodge: Dodged            |    39 |    45 |    31 |   110 |   399 |   269 |   593 |  1388 |   344 ||  3218
       Deflected         |       |       |       |       |       |     2 |    28 |    29 |     9 ||    68
Block: Shield            |    47 |    75 |    52 |   122 |   443 |   330 |   633 |  1455 |   469 ||  3626
       Reflection        |       |       |       |       |    10 |    48 |    28 |    24 |     9 ||   119

Table legend:
 A = Spawn XP
 B = Non-spawn XP
 C = Spawn XP percentage of total XP
 D = Spawn monster count
 E = Non-spawn monster count
 F = Spawn count percentage of total count
 G = Total turns spent on level
                    A         B        C        D         E        F      G
               +---------+---------+-------+---------+---------+-------+---------
         Total |   93635 |  842828 |  10.0 |     167 |    1719 |   8.9 | 55527
               +---------+---------+-------+---------+---------+-------+---------
           D:1 |       0 |      51 |   0.0 |       0 |      31 |   0.0 |   863
           D:2 |       0 |      30 |   0.0 |       0 |      10 |   0.0 |   545
           D:3 |       0 |     497 |   0.0 |       0 |      43 |   0.0 |  1416
           D:4 |       0 |     497 |   0.0 |       0 |      19 |   0.0 |  1229
           D:5 |       0 |     851 |   0.0 |       0 |      22 |   0.0 |   968
           D:6 |       0 |    1183 |   0.0 |       0 |      22 |   0.0 |  1041
           D:7 |       0 |    2137 |   0.0 |       0 |      31 |   0.0 |  1037
           D:8 |       0 |    4660 |   0.0 |       0 |      13 |   0.0 |   941
           D:9 |       0 |    3410 |   0.0 |       0 |      24 |   0.0 |  1481
          D:10 |       0 |    4323 |   0.0 |       0 |      38 |   0.0 |  1652
          D:11 |       0 |   16249 |   0.0 |       0 |      51 |   0.0 |  1604
          D:12 |       0 |    4750 |   0.0 |       0 |      30 |   0.0 |   985
          D:13 |       0 |   11256 |   0.0 |       0 |      51 |   0.0 |  2130
          D:14 |       0 |   13363 |   0.0 |       0 |      36 |   0.0 |  1680
          D:15 |       0 |   19830 |   0.0 |       0 |      43 |   0.0 |  1375
         Orc:1 |       0 |    3558 |   0.0 |       0 |      48 |   0.0 |   663
         Orc:2 |       0 |   14467 |   0.0 |       0 |      88 |   0.0 |  2192
         Elf:1 |       0 |   33270 |   0.0 |       0 |      57 |   0.0 |  1665
         Elf:2 |       0 |   44571 |   0.0 |       0 |      69 |   0.0 |  2187
         Elf:3 |       0 |   52418 |   0.0 |       0 |      46 |   0.0 |  1902
      Depths:1 |       0 |   23440 |   0.0 |       0 |      33 |   0.0 |  1340
      Depths:2 |       0 |   40674 |   0.0 |       0 |      55 |   0.0 |  1161
      Depths:3 |       0 |   58910 |   0.0 |       0 |     123 |   0.0 |  3326
      Depths:4 |    2253 |   72633 |   3.0 |       2 |      79 |   2.5 |  3474
      Depths:5 |       0 |   48551 |   0.0 |       0 |      49 |   0.0 |  2030
          Hell |       0 |   36302 |   0.0 |       0 |      71 |   0.0 |  1586
         Dis:1 |       0 |    3127 |   0.0 |       0 |       9 |   0.0 |   217
         Dis:2 |       0 |   13910 |   0.0 |       0 |      24 |   0.0 |   479
         Dis:3 |       0 |   27462 |   0.0 |       0 |      53 |   0.0 |   676
         Dis:4 |       0 |    8419 |   0.0 |       0 |      16 |   0.0 |   229
         Dis:5 |       0 |   14284 |   0.0 |       0 |      24 |   0.0 |   451
         Dis:6 |       0 |   17524 |   0.0 |       0 |      33 |   0.0 |   331
         Dis:7 |       0 |  133161 |   0.0 |       0 |     172 |   0.0 |  3601
       Abyss:1 |    8290 |    4795 |  63.4 |      16 |      10 |  61.5 |   491
       Abyss:2 |   19164 |   25825 |  42.6 |      44 |      51 |  46.3 |  2057
       Abyss:3 |   18868 |   27440 |  40.7 |      37 |      32 |  53.6 |  1398
       Abyss:4 |    5056 |     430 |  92.2 |      13 |       1 |  92.9 |   233
       Abyss:5 |   40004 |   17927 |  69.1 |      55 |      19 |  74.3 |  1137
           Lab |       0 |    1826 |   0.0 |       0 |       5 |   0.0 |   435
         Sewer |       0 |     110 |   0.0 |       0 |       6 |   0.0 |   154
         IceCv |       0 |   10442 |   0.0 |       0 |      43 |   0.0 |  1225
        WizLab |       0 |   24265 |   0.0 |       0 |      39 |   0.0 |  1623
               +---------+---------+-------+---------+---------+-------+---------
